Map: Winter's Gate LE

Players

Elazer - Winner!

  • Race: Zerg Zerg
  • Spawn Location: 11:00

Trap

  • Race: Protoss Protoss
  • Spawn Location: 5:00

Event: 2019 WCS Global FInals

VOD

Have the link to the VOD?

Description

Time

  • Played on: Oct. 27, 2019, 4:25 a.m.
  • Length: 22:55

All games in this series

Show
View Real Time Build Order
Export as new Build Order

Elazer Zerg - Winner!

Build Orders: Hatch First, Brood Lord Corruptor 

Get SALT Encoding   

  12  0:00  Drone  
  13  0:12  Overlord  
  13  0:16  Drone  
  14  0:30  Drone x2  
  16  0:47  Hatchery  
  15  0:51  Drone  
  15  0:54  Drone  
  17  0:57  Drone  
  18  1:08  Extractor  
  17  1:12  Spawning Pool  
  17  1:15  Drone  
  17  1:19  Drone  
  18  1:27  Drone  
  20  1:39  Drone  
  21  1:57  Hatchery  
  21  1:59  Drone  
  21  2:06  Zergling x2  
  22  2:13  Overlord  
  22  2:14  Spore Crawler, Queen  
  22  2:15  Extractor  
  22  2:21  Metabolic Boost  
  24  2:36  Drone  
  25  2:37  Drone, Hatchery  
  25  2:43  Drone  
  26  2:50  Queen  
  28  2:55  Overlord  
  28  3:04  Zergling x2  
  29  3:09  Queen  
  29  3:12  Overlord  
  31  3:17  Drone  
  32  3:25  Drone x3  
  35  3:32  Overlord  
  35  3:33  Drone x2  
  38  3:41  Drone x2  
  39  3:49  Queen  
  39  3:52  Overlord  
  39  3:53  Zergling x4  
  43  4:01  Spore Crawler, Drone x2  
  43  4:02  Drone  
  45  4:04  Drone  
  45  4:07  Overlord  
  46  4:14  Drone x3  
  48  4:18  Overlord  
  48  4:20  Drone x2  
  48  4:24  Spore Crawler  
  48  4:28  Queen  
  50  4:32  Spore Crawler, Zergling x2  
  50  4:33  Zergling x2  
  50  4:35  Drone  
  50  4:37  Drone  
  53  4:39  Drone  
  53  4:41  Drone  
  53  4:43  Drone  
  53  4:44  Drone  
  53  4:45  Drone  
  58  4:48  Overlord  
  58  4:52  Overlord  
  58  4:53  Drone  
  58  4:56  Drone x2  
  58  4:59  Drone x2  
  60  5:02  Drone x2  
  60  5:05  Drone x2  
  65  5:07  Drone  
  65  5:08  Drone  
  65  5:11  Queen  
  68  5:16  Overlord  
  68  5:17  Zergling x4  
  68  5:19  Zergling x2  
  71  5:22  Overlord  
  71  5:24  Drone x3  
  71  5:25  Drone  
  75  5:29  Lair  
  75  5:31  Overlord  
  75  5:39  Extractor  
  70  5:43  Roach Warren, Drone x4  
  70  5:44  Drone  
  70  5:45  Drone, Extractor  
  70  5:48  Drone x2  
  75  5:50  Drone  
  75  5:51  Drone  
  75  5:54  Drone, Extractor x2  
  75  5:55  Drone  
  75  5:56  Pneumatized Carapace  
  77  5:57  Drone  
  77  6:06  Drone x2  
  77  6:09  Drone  
  73  6:14  Extractor  
  73  6:15  Overlord  
  73  6:18  Zergling x4  
  74  6:25  Roach x9  
  91  6:28  Overseer  
  91  6:31  Overlord  
  91  6:35  Drone x2  
  93  6:40  Drone x2  
  93  6:45  Drone  
  96  6:50  Drone x5  
  96  6:52  Baneling Nest  
  96  6:53  Evolution Chamber, Drone x3  
  102  7:01  Hatchery  
  102  7:02  Drone x5  
  102  7:06  Overlord  
  102  7:08  Overlord  
  106  7:13  Overlord  
  105  7:18  Roach  
  105  7:19  Roach x4  
  105  7:21  Ravager x3  
  105  7:22  Ravager  
  118  7:24  Roach  
  118  7:25  Roach x2  
  124  7:32  Overlord  
  124  7:36  Drone x6  
  130  7:40  Centrifical Hooks  
  130  7:41  Zerg Melee Weapons Level 1  
  130  7:42  Drone  
  131  7:45  Glial Reconstitution  
  131  7:50  Overlord x2  
  131  7:51  Drone x6  
  131  7:56  Overlord  
  137  8:00  Spore Crawler, Extractor  
  137  8:01  Overlord, Infestation Pit  
  137  8:03  Zergling x2  
  137  8:04  Zergling x6  
  138  8:10  Overlord  
  138  8:12  Zergling x2  
  139  8:19  Overlord  
  139  8:26  Zergling x8  
  139  8:27  Zergling x10  
  148  8:28  Spire  
  148  8:33  Hatchery  
  146  8:41  Overlord  
  146  8:42  Zergling x8  
  146  8:43  Hive  
  146  8:48  Drone, Extractor  
  149  8:49  Drone x2  
  149  8:51  Zergling x10  
  149  8:52  Zergling x8  
  149  8:54  Zergling x8  
  165  8:58  Overlord  
  165  9:03  Zergling x4  
  165  9:08  Zergling x2  
  166  9:14  Overlord  
  166  9:16  Evolution Chamber, Zergling x22  
  175  9:26  Overlord  
  175  9:36  Zerg Melee Weapons Level 2, Zergling x10  
  176  9:39  Overlord  
  176  9:41  Corruptor x4  
  176  9:42  Corruptor  
  186  9:48  Zerg Missile Weapons Level 1  
  186  9:52  Pathogen Glands  
  186  9:53  Extractor  
  186  9:58  Greater Spire, Adrenal Glands  
  185  10:00  Baneling x12  
  185  10:05  Corruptor, Extractor  
  186  10:07  Zergling x10  
  186  10:09  Baneling x20  
  191  10:17  Zergling x4  
  191  10:18  Zergling x12  
  191  10:20  Baneling x15  
  198  10:34  Zergling x6  
  185  11:01  Baneling x14  
  181  11:09  Brood Lord x6  
  193  11:18  Zergling x22  
  199  11:21  Drone  
  193  11:26  Neural Parasite  
  193  11:27  Burrow  
  193  11:44  Infestor  
  193  11:45  Infestor x3  
  198  11:54  Zerg Melee Weapons Level 3, Zerg Flyer Weapons Level 1  
  193  12:03  Infestor  
  193  12:07  Drone x4  
  193  12:08  Drone x3  
  171  12:12  Spore Crawler, Corruptor  
  171  12:13  Spore Crawler, Corruptor  
  171  12:14  Spore Crawler x4  
  171  12:15  Spore Crawler x2, Infestor  
  159  12:23  Drone x3  
  159  12:25  Drone x2  
  159  12:27  Spore Crawler x2  
  159  12:28  Spore Crawler  
  161  12:34  Infestor x4  
  169  12:38  Zergling x2  
  169  12:39  Zergling x42  
  191  12:50  Corruptor x4  
  193  12:55  Corruptor  
  193  12:56  Corruptor  
  193  12:58  Drone x4  
  189  13:02  Spore Crawler  
  189  13:03  Spore Crawler x2  
  189  13:04  Zergling x18  
  194  13:16  Brood Lord x2  
  195  13:24  Corruptor  
  195  13:26  Infestor  
  193  13:28  Zergling x14  
  200  13:35  Brood Lord  
  200  13:36  Brood Lord  
  175  13:56  Zergling x28  
  175  14:06  Roach x4  
  134  14:21  Brood Lord x3  
  134  14:23  Corruptor  
  134  14:24  Corruptor x4  
  133  14:32  Zergling x18  
  133  14:34  Zergling x6  
  132  14:45  Corruptor x2  
  132  14:46  Corruptor x2, Hatchery  
  139  14:53  Infestor x3  
  139  14:58  Infestor  
  147  15:01  Infestor x2  
  151  15:07  Brood Lord  
  153  15:17  Infestor  
  153  15:19  Zergling x10  
  160  15:29  Baneling  
  160  15:30  Baneling x9  
  160  15:37  Brood Lord  
  160  15:38  Drone x4  
  166  15:45  Spore Crawler  
  166  15:46  Spore Crawler  
  166  15:48  Spore Crawler  
  166  15:49  Spore Crawler  
  155  15:58  Brood Lord  
  155  16:01  Infestor x3  
  160  16:15  Zergling x12  
  160  16:16  Zergling x2  
  167  16:18  Brood Lord  
  167  16:21  Drone x5  
  167  16:22  Drone  
  175  16:31  Infestor x4  
  178  16:42  Drone x4  
  178  16:43  Drone  
  181  16:48  Spore Crawler, Infestation Pit  
  181  16:53  Brood Lord  
  181  17:00  Zergling x24  
  182  17:02  Overseer  
  182  17:05  Overseer  
  182  17:06  Overseer x2  
  182  17:15  Spore Crawler x2  
  181  17:16  Spore Crawler  
  181  17:17  Spore Crawler  
  177  17:33  Baneling x9  
  177  17:34  Zergling x6  
  177  17:35  Zergling x12  
  185  17:41  Zergling x2  
  185  17:42  Zergling x8  
  189  17:44  Corruptor x3  
  188  18:27  Zergling x16  
  179  18:35  Zergling x22  
  181  18:43  Zergling x10  
  186  18:52  Infestor x2  
  187  19:03  Hatchery  
  187  19:08  Zerg Ground Armor Level 1  
  180  19:10  Zergling x24  
  178  19:17  Zergling x2  
  178  19:18  Zergling x4  
  178  19:27  Brood Lord  
  178  19:29  Zerg Flyer Weapons Level 2  
  178  19:30  Zerg Missile Weapons Level 2  
  177  19:33  Zergling x10  
  177  19:37  Hatchery  
  180  19:39  Corruptor  
  178  20:03  Corruptor x8  
  175  20:10  Zergling x6  
  175  20:12  Overlord  
  173  20:23  Overlord x2  
  173  20:28  Infestor x2  
  177  20:50  Infestor x6  
  177  20:54  Extractor  
  177  20:56  Extractor, Infestor x2  
  190  21:03  Zergling x8  
  194  21:10  Infestor x18  
  194  21:26  Corruptor x3  
  199  21:39  Overseer  
  197  21:47  Overlord x2  
  197  21:52  Spore Crawler  
  197  21:53  Spore Crawler  
  197  21:54  Spore Crawler x2  
  193  22:01  Overlord  
  193  22:02  Spine Crawler  
  192  22:19  Spore Crawler  
  192  22:20  Spore Crawler x2  
  189  22:28  Brood Lord x2  
Show
View Real Time Build Order
Export as new Build Order

Trap Protoss 

Build Orders: Oracle Opening, Chargelot Immortal 

Get SALT Encoding   

  12  0:00  Probe  
  13  0:12  Probe  
  14  0:18  Pylon  
  14  0:24  Probe  
  15  0:36  Probe (Chrono Boost)  
  16  0:44  Gateway  
  16  0:46  Probe (Chrono Boost)  
  17  0:51  Probe (Chrono Boost)  
  17  0:55  Forge  
  18  1:03  Probe  
  19  1:05  Assimilator  
  19  1:15  Probe  
  20  1:25  Pylon  
  20  1:28  Probe  
  20  1:31  Pylon  
  20  1:32  Pylon  
  21  1:43  Photon Cannon  
  21  1:54  Nexus  
  21  2:02  Cybernetics Core  
  21  2:03  Probe  
  21  2:06  Assimilator  
  22  2:15  Probe  
  22  2:20  Pylon  
  23  2:27  Probe  
  24  2:36  Adept (Chrono Boost)  
  24  2:40  Probe  
  24  2:42  Stargate  
  24  2:43  Warp Gate  
  27  2:52  Probe  
  28  2:59  Pylon, Adept  
  31  3:06  Probe (Chrono Boost)  
  31  3:08  Probe (Chrono Boost)  
  32  3:15  Probe (Chrono Boost)  
  32  3:18  Probe (Chrono Boost)  
  34  3:20  Probe (Chrono Boost)  
  34  3:22  Oracle (Chrono Boost)  
  38  3:28  Probe  
  38  3:31  Adept  
  38  3:32  Probe  
  42  3:38  Pylon  
  42  3:40  Probe  
  43  3:45  Probe  
  44  3:49  Oracle (Chrono Boost)  
  44  3:52  Probe  
  44  3:54  Assimilator x2  
  48  3:57  Probe  
  48  4:04  Probe  
  48  4:05  Gateway  
  50  4:10  Probe  
  50  4:16  Phoenix (Chrono Boost), Probe  
  53  4:22  Probe  
  54  4:26  Robotics Facility  
  54  4:28  Probe  
  55  4:33  Gateway, Pylon  
  55  4:34  Pylon  
  55  4:36  Probe  
  56  4:40  Probe  
  56  4:42  Sentry  
  59  4:48  Oracle (Chrono Boost)  
  62  4:53  Probe  
  62  4:54  Pylon, Probe  
  64  5:05  Sentry  
  66  5:15  Nexus  
  66  5:17  Pylon, Adept  
  68  5:26  Immortal (Chrono Boost)  
  67  5:29  Protoss Ground Weapons Level 1 (Chrono Boost)  
  71  5:41  Probe x2  
  71  5:53  Probe x2  
  71  5:55  Gateway x2, Sentry x2  
  75  5:57  Gateway  
  75  5:58  Nexus  
  75  6:00  Gateway  
  75  6:04  Pylon  
  74  6:11  Probe x2  
  74  6:13  Immortal (Chrono Boost)  
  79  6:20  Twilight Council  
  79  6:27  Probe x2  
  79  6:31  Forge  
  81  6:36  Stalker  
  81  6:37  Pylon  
  81  6:38  Pylon  
  83  6:40  Probe x2 (Chrono Boost)  
  83  6:43  Pylon  
  83  6:45  Observer  
  86  6:52  Probe x2 (Chrono Boost)  
  88  6:55  Charge  
  88  6:58  Shield Battery  
  88  6:59  Probe x2 (Chrono Boost)  
  90  7:06  Immortal  
  93  7:10  Probe x3  
  93  7:11  Zealot  
  98  7:19  Templar Archives  
  98  7:23  Probe x3  
  98  7:24  Protoss Ground Armor Level 1 (Chrono Boost)  
  98  7:26  Assimilator  
  98  7:27  Assimilator  
  98  7:29  Zealot  
  103  7:40  Probe x3  
  103  7:42  Photon Cannon  
  106  7:47  Psionic Storm  
  106  7:49  Immortal  
  106  7:50  Gateway x2  
  110  7:56  Protoss Ground Weapons Level 2 (Chrono Boost)  
  110  7:59  High Templar  
  110  8:01  Shield Battery  
  110  8:04  Pylon  
  110  8:05  High Templar  
  114  8:16  Photon Cannon, High Templar  
  114  8:18  Photon Cannon  
  114  8:19  Shield Battery  
  116  8:21  Zealot x3  
  116  8:22  High Templar  
  116  8:26  Photon Cannon  
  124  8:30  Photon Cannon  
  124  8:34  Immortal (Chrono Boost)  
  128  8:45  Pylon  
  128  8:47  Pylon  
  128  8:50  Fleet Beacon  
  128  9:01  Robotics Facility  
  128  9:02  Pylon  
  128  9:03  Zealot x2  
  128  9:08  Immortal (Chrono Boost)  
  134  9:11  Zealot x3  
  134  9:15  Protoss Ground Armor Level 2 (Chrono Boost)  
  136  9:23  Stalker x3  
  142  9:28  Zealot  
  144  9:43  Mothership (Chrono Boost)  
  144  9:51  Nexus  
  152  9:58  Pylon  
  152  10:01  Stargate  
  152  10:02  Photon Cannon  
  152  10:05  Zealot x3  
  152  10:06  Zealot  
  160  10:10  Observer  
  161  10:19  Photon Cannon  
  161  10:20  Photon Cannon  
  161  10:22  Photon Cannon  
  158  10:34  High Templar x2  
  158  10:35  Zealot, High Templar x2  
  164  10:36  Protoss Ground Weapons Level 3, Zealot x3  
  164  10:40  Archon  
  164  10:41  Archon  
  156  10:51  Zealot  
  158  10:57  Tempest (Chrono Boost), Zealot x4  
  158  10:59  Tempest (Chrono Boost)  
  176  11:21  Probe x3  
  176  11:22  Zealot, Protoss Air Weapons Level 1  
  176  11:23  Probe, Zealot  
  176  11:28  Photon Cannon  
  176  11:29  Photon Cannon  
  176  11:32  High Templar x2  
  178  11:33  Photon Cannon  
  178  11:39  Archon  
  180  11:41  Zealot  
  180  11:45  Assimilator  
  180  11:46  Pylon  
  180  11:47  Pylon  
  180  11:48  Assimilator  
  180  11:55  Zealot  
  178  12:02  Tempest (Chrono Boost)  
  178  12:04  Tempest (Chrono Boost)  
  177  12:12  Zealot x4  
  177  12:13  Zealot x4  
  191  12:31  Tempest (Chrono Boost)  
  191  12:33  Dark Shrine, Protoss Ground Armor Level 3  
  182  12:57  High Templar  
  182  12:58  Zealot x2, High Templar x3  
  185  12:59  Pylon, Zealot x3  
  185  13:01  Photon Cannon  
  185  13:02  Archon x2  
  195  13:16  Warp Prism  
  195  13:18  Tempest (Chrono Boost)  
  195  13:19  Tempest (Chrono Boost)  
  181  13:27  Zealot  
  181  13:39  Stalker x8  
  156  13:58  Zealot  
  124  14:04  Zealot  
  124  14:05  Dark Templar x4  
  124  14:08  Blink (Chrono Boost)  
  97  14:20  Zealot x3  
  101  14:25  Probe x3  
  94  14:37  Probe x3  
  83  14:43  High Templar  
  83  14:44  Zealot x2, High Templar x3  
  93  14:49  Mothership (Chrono Boost)  
  93  14:51  Archon  
  101  15:20  Zealot  
  102  15:29  Zealot x2, High Templar x4  
  114  15:39  Observer (Chrono Boost)  
  115  15:48  Pylon  
  115  15:49  Sentry  
  115  15:53  Zealot  
  115  15:54  Zealot  
  116  15:58  Pylon  
  116  16:07  Nexus  
  116  16:09  Photon Cannon  
  116  16:10  High Templar x2  
  120  16:12  Observer (Chrono Boost)  
  120  16:14  Archon  
  119  16:28  Zealot  
  119  16:29  Zealot x3  
  127  16:34  Observer  
  128  16:45  Photon Cannon  
  128  16:47  Photon Cannon, Zealot, High Templar x2  
  124  16:51  Archon  
  124  16:52  Tempest (Chrono Boost)  
  133  17:05  Warp Prism  
  135  17:17  Probe x3  
  135  17:19  Assimilator  
  135  17:20  Probe  
  135  17:21  Assimilator  
  139  17:24  High Templar  
  139  17:25  High Templar  
  139  17:28  Archon  
  139  17:29  Probe x2  
  145  17:46  Tempest (Chrono Boost)  
  149  17:56  Tempest (Chrono Boost)  
  150  18:02  Zealot x7  
  140  18:39  Zealot x7  
  148  18:42  Oracle (Chrono Boost)  
  151  19:04  Oracle  
  151  19:05  Nexus  
  124  19:42  High Templar x2  
  124  19:44  Nexus  
  128  19:47  Archon  
  123  19:58  Zealot x5  
  104  20:15  Observer, High Templar x2  
  104  20:21  Archon  
  109  20:23  Observer  
  110  20:32  Stalker  
  110  20:33  Zealot x3  
  118  20:56  Observer  
  118  21:01  Observer  
  118  21:03  Nexus  
  118  21:09  Oracle (Chrono Boost)  
  121  21:35  Dark Templar  
  122  22:03  Oracle (Chrono Boost)  
  122  22:04  Pylon  
  125  22:20  Assimilator  
  125  22:21  Assimilator  
  125  22:34  Robotics Bay  
Tags
 
Add a new tag
Caveats
  • Supply blocks, unpowered buildings, or Contaminate may cause inaccurate times.
  • Supply counts are checked every 10 seconds.